AoeStats
← zar

Black Forest

509575015Analyzed
4v4 RM · 4d ago on Sep 27, 2026· 140m 39s· 8 players
Game mode
Random Map
Map size
Large (8 player)
Population
200
Speed
Normal
Resources
Standard
Victory
Conquest
Starting age
Dark Age
Ending age
Imperial Age
RankedLock teamsTeams togetherTeam positionsShared explorationLock speedFull tech treeHidden civsTurbo modeCheats
Victory
Defeat
🇨🇳 Slavs · China
817
+12
🇨🇳 Turks · China
794
+13
🇨🇳 Ethiopians · China
789
+13
🇨🇳 Bohemians · China
692
+17
🇲🇽 Turks · Mexico
766
-15
🇦🇺 Mongols · Australia
745
-15
🇦🇷 Goths · Argentina
705
-13
🇦🇹 Turks · Austria
683
-12
Lucasavend
0:31 Loom
14:14 Feudal Age
15:37 Wheelbarrow
14:54 Double-Bit Axe
15:37 Gold Mining
15:39 Town Watch
16:56 Horse Collar
22:55 Castle Age
20:51 Stone Mining
25:11 Hand Cart
28:56 Bow Saw
33:39 Imperial Age
31:58 Heavy Plow
33:19 Stone Shaft Mining
33:34 Anarchy
36:27 Two-Man Saw
36:47 Crop Rotation
39:13 Conscription
40:08 Caravan
41:31 Squires
42:20 Fletching
42:32 Scale Mail Armor
42:42 Forging
47:21 Perfusion
47:51 Pikeman
49:05 Murder Holes
49:31 Chain Mail Armor
49:14 Bodkin Arrow
50:41 Iron Casting
51:08 Bracer
50:37 Halberdier
62:13 Blast Furnace
61:48 Man-at-Arms
70:42 Long Swordsman
73:50 Chemistry
73:12 Ballistics
73:03 Masonry
72:35 Treadmill Crane
93:12 Crossbowman
93:16 Elite Skirmisher
94:57 Padded Archer Armor
96:23 Leather Archer Armor
130:27 Architecture
Arsaavedra23
2:27 Loom
2:54 Loom
13:16 Feudal Age
18:00 Castle Age
19:43 Wheelbarrow
20:19 Gold Mining
21:19 Stone Mining
25:06 Horse Collar
25:18 Double-Bit Axe
28:37 Heavy Plow
30:33 Bow Saw
34:21 Imperial Age
32:20 Caravan
34:10 Hand Cart
34:43 Coinage
35:15 Treadmill Crane
35:46 Fortified Wall
35:47 Masonry
36:55 Forging
36:54 Scale Barding Armor
37:38 Elite Janissary
38:43 Conscription
39:07 Gold Shaft Mining
38:58 Chain Barding Armor
39:02 Bombard Tower
41:40 Husbandry
41:50 Bloodlines
45:03 Iron Casting
45:05 Plate Barding Armor
55:08 Banking
58:41 Blast Furnace
103:04 Two-Man Saw
103:46 Heavy Camel Rider
luv
7:16 Loom
11:27 Feudal Age
12:04 Horse Collar
13:05 Double-Bit Axe
19:39 Castle Age
17:51 Gold Mining
18:16 Padded Archer Armor
19:05 Scale Barding Armor
18:53 Fletching
19:41 Forging
21:43 Bow Saw
21:37 Heavy Plow
21:31 Stone Mining
27:40 Wheelbarrow
26:55 Town Watch
29:16 Caravan
30:13 Sipahi
35:34 Imperial Age
33:24 Hand Cart
35:28 Leather Archer Armor
35:35 Chain Barding Armor
35:50 Iron Casting
35:11 Bodkin Arrow
35:46 Husbandry
35:58 Bloodlines
36:26 Ballistics
35:48 Treadmill Crane
36:19 Masonry
36:58 Guilds
37:22 Ring Archer Armor
37:30 Conscription
37:46 Murder Holes
37:37 Arrowslits
39:00 Two-Man Saw
38:52 Elite Janissary
39:35 Artillery
39:46 Bracer
42:13 Parthian Tactics
41:56 Thumb Ring
41:29 Heavy Camel Rider
43:03 Thumb Ring
46:41 Plate Barding Armor
47:07 Blast Furnace
50:46 Architecture
73:52 Hoardings
73:24 Town Patrol
73:57 Bombard Tower
90:34 Squires
90:20 Arson
91:45 Fortified Wall
91:27 Guard Tower
115:02 Keep
Blayx
6:21 Loom
12:58 Feudal Age
13:54 Double-Bit Axe
15:18 Wheelbarrow
20:17 Castle Age
21:49 Horse Collar
23:18 Padded Archer Armor
25:54 Hand Cart
28:27 Bow Saw
28:53 Leather Archer Armor
28:28 Fletching
28:58 Forging
29:31 Thumb Ring
30:18 Bodkin Arrow
30:25 Gold Mining
34:02 Squires
37:46 Heavy Plow
45:12 Ballistics
45:00 Siphons
46:02 Pikeman
46:27 Arson
51:42 Guard Tower
54:28 Imperial Age
54:51 Elite Mangudai
56:28 Drill
60:23 Elite Skirmisher
63:35 Elite Skirmisher
66:07 Heavy Cavalry Archer
67:13 Parthian Tactics
JJFFGG
18:13 Feudal Age
18:41 Horse Collar
18:50 Double-Bit Axe
18:34 Man-at-Arms
25:52 Castle Age
32:03 Imperial Age
30:42 Scale Mail Armor
30:52 Scale Barding Armor
30:59 Forging
31:17 Bow Saw
31:12 Heavy Plow
33:10 Gold Mining
34:24 Two-Man Saw
36:46 Elite Boyar
38:48 Chain Barding Armor
39:04 Iron Casting
38:32 Long Swordsman
39:19 Squires
39:43 Conscription
39:17 Town Watch
42:44 Caravan
43:49 Crop Rotation
45:23 Gold Shaft Mining
45:17 Onager
48:40 Plate Barding Armor
49:06 Blast Furnace
52:18 Druzhina
53:30 Two-Handed Swordsman
55:08 Champion
58:41 Scale Mail Armor
62:42 Husbandry
62:53 Bloodlines
76:01 Chain Mail Armor
89:35 Detinets
90:35 Plate Mail Armor
94:02 Siege Onager
98:46 Ballistics
98:36 Siege Engineers
Tirite
11:22 Feudal Age
15:47 Castle Age
14:22 Double-Bit Axe
15:09 Horse Collar
16:55 Bow Saw
17:31 Heavy Plow
22:11 Fishing Lines
24:06 Gold Mining
24:22 Gillnets
25:33 Gold Shaft Mining
24:51 Stone Mining
26:29 Caravan
27:17 Stone Shaft Mining
31:57 Imperial Age
29:17 Loom
30:08 Wheelbarrow
29:19 Town Watch
30:10 Masonry
32:22 Ballistics
31:59 Murder Holes
32:14 Fortified Wall
32:46 Town Patrol
33:01 Hand Cart
34:07 Chemistry
34:38 Two-Man Saw
33:34 Onager
34:20 Torsion Engines
35:42 Fletching
35:52 Padded Archer Armor
35:57 Siege Onager
36:42 Squires
36:27 Arson
36:58 Siege Engineers
37:23 Architecture
36:44 Guard Tower
38:00 Conscription
38:08 Thumb Ring
37:23 Crossbowman
39:06 Bodkin Arrow
39:26 Leather Archer Armor
39:50 Arbalester
40:35 Bracer
41:11 Ring Archer Armor
40:53 Forging
40:43 Scale Mail Armor
42:19 Keep
41:12 Heavy Scorpion
48:37 Elite Shotel Warrior
49:18 Royal Heirs
50:08 Iron Casting
49:48 Chain Mail Armor
52:18 Blast Furnace
53:35 Plate Mail Armor
62:12 Elite Skirmisher
67:30 Scale Barding Armor
66:56 Halberdier
88:39 Light Cavalry
89:22 Husbandry
91:14 Hussar
92:22 Chain Barding Armor
94:07 Cavalier
101:26 Man-at-Arms
126:28 Long Swordsman
127:09 Two-Handed Swordsman
长庚
8:57 Loom
13:17 Feudal Age
16:17 Double-Bit Axe
19:43 Horse Collar
23:16 Castle Age
22:23 Fishing Lines
22:52 Padded Archer Armor
24:45 Bow Saw
24:41 Heavy Plow
26:26 Gillnets
35:55 Imperial Age
33:40 Wagenburg Tactics
33:48 Caravan
36:31 Wheelbarrow
37:48 Two-Man Saw
39:01 Elite Hussite Wagon
42:37 Chemistry
41:58 Ballistics
42:22 Hand Cart
46:23 Houfnice
47:30 Siege Engineers
49:20 Leather Archer Armor
51:11 Ring Archer Armor
86:32 Pikeman
87:20 Squires
105:13 Halberdier
109:28 Guilds
109:53 Coinage
zar
12:21 Feudal Age
14:21 Horse Collar
14:30 Double-Bit Axe
18:09 Castle Age
18:55 Heavy Plow
19:21 Bow Saw
26:17 Stone Mining
26:22 Gold Mining
33:31 Imperial Age
34:48 Gold Shaft Mining
35:50 Two-Man Saw
34:54 Fletching
35:07 Padded Archer Armor
37:05 Caravan
37:16 Guilds
38:11 Ballistics
38:24 Bombard Tower
37:46 Treadmill Crane
38:31 Artillery
39:56 Elite Janissary
43:10 Conscription
46:24 Bodkin Arrow
46:47 Leather Archer Armor
46:38 Scale Barding Armor
46:45 Forging
57:06 Ring Archer Armor
56:37 Bracer
56:58 Chain Barding Armor
57:14 Iron Casting
66:37 Plate Barding Armor
66:38 Iron Casting
77:41 Fortified Wall
77:58 Husbandry
78:11 Bloodlines
78:28 Sipahi
78:51 Iron Casting
132:40 Heavy Scorpion
133:43 Heavy Camel Rider
Connection lost

Rejoining the realm…

Still unreachable

The connection could not be restored.

Session expired

The server has moved on; the page needs a fresh start.